 Dungeon Crawl Stone Soup version 0.29.1-15-g9cfb28693d (webtiles) character file.

Game seed: 1876235509935710498

2412 redmage the Geomancer (level 10, -6/69 HPs)
             Began as a Meteoran Earth Elementalist on Sept 13, 2023.
             Was an Initiate of Sif Muna.
             Mangled by a two-headed ogre
             ... wielding a +0 dire flail
              (19 damage)
             ... on level 9 of the Dungeon.
             The game lasted 00:19:51 (2064 turns).

redmage the Geomancer (Meteoran Earth Elementalist) Turns: 2064, Time: 00:20:03

Health: -6/69      AC:  5    Str: 10    XL:     10   Next: 4%
Magic:  19/24      EV: 12    Int: 21    God:    Sif Muna [......]
Gold:   94         SH:  0    Dex: 15    Spells: 19/28 levels left

rFire   . . .      SeeInvis .   o - +3 great sword
rCold   + . .      Faith    .   (shield currently unavailable)
rNeg    . . .      Spirit   .   c - +0 leather armour {rC+}
rPois   .          Reflect  .   (no helmet)
rElec   .          Harm     .   (no cloak)
rCorr   .          Rampage  .   h - +1 pair of gloves
Will    +....                   (no boots)
Stlth   +.........              (no amulet)
HPRegen 0.21/turn               (no ring)
MPRegen 0.19/turn               (no ring)

@: very slightly contaminated, glowing
A: sense surroundings 2, otherworldly, glowing, explore regen
a: Renounce Religion


You were on level 9 of the Dungeon.
You worshipped Sif Muna.
Sif Muna was noncommittal.
You visited 2 branches of the dungeon, and saw 10 of its levels.

You collected 241 gold pieces.
You spent 147 gold pieces at shops.

Inventory:

Hand Weapons
 o - a +3 great sword (weapon)
Armour
 c - a +0 leather armour of cold resistance (worn)
 h - a +1 pair of gloves (worn)
Magical Staves
 p - a staff of death
Wands
 a - a wand of polymorph (4)
 s - a wand of digging (5)
 u - a wand of roots (7)
Scrolls
 e - 5 scrolls of teleportation
 f - a scroll of fear
Potions
 b - a potion of magic
 d - 4 potions of mutation
 g - 2 potions of might
 i - 4 potions of heal wounds {unknown}
 j - 4 potions of curing {unknown}
 k - a potion of berserk rage
 l - a potion of brilliance {unknown}
 m - a potion of degeneration {unknown}
 n - a potion of lignification {unknown}
 q - a potion of haste {unknown}
 t - a potion of flight {unknown}


   Skills:
 - Level 2.4 Dodging
 - Level 1.4 Stealth
 + Level 9.8 Spellcasting
 - Level 6.0 Conjurations
 * Level 0.0 Summonings
 - Level 1.2 Transmutations
 - Level 10.0 Earth Magic
 * Level 3.1 Invocations


You had 19 spell levels left.
You knew the following spells:

 Your Spells              Type           Power      Damage    Failure   Level
a - Sandblast             Erth           100%       2d20      1%          1
b - Passwall              Tmut/Erth      27%        N/A       1%          2
c - Stone Arrow           Conj/Erth      86%        3d12      1%          3
d - Summon Guardian Gole  Hex/Summ       10%        N/A       26%         3

Your spell library contained the following spells:

 Spells                   Type           Power      Damage    Failure   Level
 Petrify                  Tmut/Erth      33%        N/A       9%          4
 Orb of Destruction       Conj           17%        9d7       100%        7
 Spellforged Servitor     Conj/Summ      11%        N/A       100%        7


Dungeon Overview and Level Annotations

Branches:
Dungeon (9/15) Zot: 3303   Temple (1/1) D:4 Zot: 557
   Lair: D:8-11         Orc: D:9-12

Altars:
Fedhas
Makhleb
Sif Muna
Vehumet
Wu Jian
Xom
Yredelemnul
The Shining One

Shops:
D:4 *(   D:6 (   D:7 ?


Innate Abilities, Weirdness & Mutations

You passively map the area around you.
You are easily found by Zot.
You glow in the dark.
You regain HP and MP as you explore.


Message History

Things that are here:
a +0 short sword; a kobold corpse
Items here: ( ))).
You now have 94 gold pieces (gained 14).
There is a stone staircase leading down here.
You climb downwards.
There is a stone staircase leading up here.
Found a potion of mutation.
d - 4 potions of mutation (gained 1)
Found a stone staircase leading down.
There is a stone staircase leading down here.
You climb downwards.
There is a stone staircase leading up here.
This spell is dangerous to cast!
Memorise Summon Guardian Golem, consuming 3 spell levels and leaving 19?
You start memorising the spell.
You continue memorising. x3
You finish memorising.
Spell assigned to 'd'.
Found a stone staircase leading down.
Found a scroll of identify.
You open the door.
There is an open door here.
A two-headed ogre comes into view.
It is wielding a +0 dire flail and a +2 dire flail of protection.
The two-headed ogre shouts in stereo!
The two-headed ogre hits you with a +0 dire flail!
The two-headed ogre hits you with a +2 dire flail of protection!!
You see here a scroll of identify.
Casting: Sandblast (safe; 1% risk of failure)
Confirm with . or Enter, or press ? or * to list all spells.
You miscast Summon Guardian Golem.
You are very lightly contaminated with residual magic.
Nothing appears to happen.
The two-headed ogre hits you with a +0 dire flail!!
The two-headed ogre misses you.
Casting: Summon Guardian Golem (dangerous; 26% risk of failure)
Confirm with . or Enter, or press ? or * to list all spells.
A guardian golem appears, shielding your allies.
The two-headed ogre hits you with a +0 dire flail!
* * * LOW HITPOINT WARNING * * *
The two-headed ogre hits you with a +2 dire flail of protection!!
You die...

.., * ##* , .. #....# ,
... #.>..# * , ,
...##########....####### *
........................,,
,
....<...................,
, ........................
, ........................
................@....... *
.......####'####O9...... ,
, .......#.......#........
, ......##.......##.......
, ......+.........+.......
, .....##.........##...###
*, ....#...........#.#+# ,
* , ,, ###.......##### , *
,, #+#...#+# * , , +


You could see a two-headed ogre (ally target) and a friendly guardian golem
(summoned).

Vanquished Creatures
  A yak (D:7)
  Eustachio (D:4)
  3 water moccasins
  An orc warrior (D:5)
  A sky beast (D:7)
  An ice beast (D:6)
  A centaur (D:7)
  2 phantoms
  4 bullfrogs
  A kobold brigand (D:6)
  A scorpion (D:6)
  8 wights
  A crimson imp (D:4)
  A hound (D:4)
  3 orc priests
  4 iguanas
  5 orc wizards
  3 adders
  2 white imps
  An ufetubus (D:5)
  2 dart slugs
  14 orcs
  A bat (D:2)
  5 endoplasms (D:4)
  A giant cockroach (D:3)
  A goblin (D:2)
  A hobgoblin (D:4)
  4 jackals (D:4)
  6 quokkas
  A ball python (D:4)
  12 kobolds
  A rat (D:2)
94 creatures vanquished.

Notes
Turn   | Place    | Note
-------+----------+-------------------------------------------
     0 | D:1      | redmage the Meteoran Earth Elementalist began the quest for
                  | the Orb.
     0 | D:1      | Reached XP level 1. HP: 14/14 MP: 5/5
   107 | D:2      | Reached XP level 2. HP: 20/20 MP: 5/7
   112 | D:2      | Learned a level 2 spell: Passwall
   119 | D:2      | Reached skill level 4 in Earth Magic
   275 | D:4      | Reached XP level 3. HP: 21/26 MP: 5/8
   279 | D:4      | Learned a level 3 spell: Stone Arrow
   324 | D:5      | Entered Level 5 of the Dungeon
   339 | D:4      | Found an ornate altar of the Wu Jian Council.
   357 | D:4      | Found Onlameih's Weapon Emporium.
   409 | D:5      | Noticed a water moccasin
   414 | D:5      | Killed a water moccasin
   415 | D:5      | Reached skill level 5 in Earth Magic
   415 | D:5      | Reached XP level 4. HP: 28/33 MP: 4/11
   415 | D:5      | Reached XP level 5. HP: 32/38 MP: 4/13
   435 | D:4      | Noticed Eustachio
   444 | D:4      | Killed Eustachio
   445 | D:4      | Reached skill level 5 in Spellcasting
   445 | D:4      | Reached skill level 6 in Earth Magic
   445 | D:4      | Reached XP level 6. HP: 34/45 MP: 6/15
   446 | D:4      | Found Lipout's CLEARANCE SALE!.
   451 | D:4      | Bought a scroll of teleportation for 15 gold pieces
   451 | D:4      | Bought a scroll of teleportation for 15 gold pieces
   487 | D:4      | Found a burning altar of Makhleb.
   487 | D:4      | Found a radiant altar of Vehumet.
   563 | D:5      | Reached XP level 7. HP: 50/50 MP: 14/16
   598 | D:4      | Reached skill level 7 in Earth Magic
   708 | D:5      | Reached XP level 8. HP: 24/57 MP: 15/19
   775 | D:6      | Found a glowing golden altar of the Shining One.
   831 | D:6      | Reached skill level 8 in Earth Magic
  1032 | D:6      | Found Ilemar's Firing Range.
  1171 | D:4      | Reached skill level 1 in Conjurations
  1180 | D:4      | Reached skill level 9 in Earth Magic
  1220 | D:5      | Gained mutation: You passively map the area around you.
                  | [Meteoran growth]
  1220 | D:5      | Reached XP level 9. HP: 55/62 MP: 18/22
  1369 | D:4      | Bought a wand of roots (7) for 84 gold pieces
  1569 | D:7      | Reached skill level 5 in Conjurations
  1633 | D:7      | Found Jetaenn's Magic Scroll Boutique.
  1636 | D:7      | Bought a scroll of teleportation for 33 gold pieces
  1854 | D:4      | Found a staircase to the Ecumenical Temple.
  1862 | Temple   | Entered the Ecumenical Temple
  1891 | Temple   | Became a worshipper of Sif Muna the Loreminder
  1964 | D:7      | Reached skill level 1 in Invocations
  2012 | D:7      | Reached skill level 10 in Earth Magic
  2012 | D:7      | Reached XP level 10. HP: 69/69 MP: 17/24
  2052 | D:9      | Learned a level 3 spell: Summon Guardian Golem
  2060 | D:9      | Noticed a two-headed ogre
  2064 | D:9      | Mangled by a two-headed ogre

Illustrated notes

Levels and vault maps discovered:
D:1:      amcnicky_arrival_abandoned_market, layout_basic, serial_forest,
          infiniplex_forest_lined_corner, infiniplex_forest_end_2,
          infiniplex_forest_clump_small, infiniplex_forest_lined_3,
          infiniplex_forest_clump_C, hellmonk_ecumenical_altar_zigzags,
          minmay_fountain_box
D:2:      layout_loops_ring, basic_altar, minmay_pentomino_o4
D:3:      layout_basic, kiku_gazebo_pond_becter, grunt_decor_one_mirror
D:4:      layout_basic, grunt_temple_overflow_lords_of_destruction,
          nicolae_wu_jian_immortal_techniques, minmay_temple_entry_proselytizer,
          serial_shops, nicolae_shop_bloodbath_and_beyond,
          minmay_misc_feat_room, nicolae_shop_clearance, uniq_eustachio
D:5:      layout_basic, serial_park_tiny_2
D:6:      layout_loops_ring, mainiacjoe_overflow_surrounded_room, minivault_24,
          chequers_serial_rivers_small_3, nicolae_shop_firing_range
D:7:      layout_basic, serial_glass, glass_columns_a, glass_columns_c,
          serial_shops, nicolae_lakefront_shop, grunt_decor_junction
D:8:      layout_basic, special_room [special_room_orc], uniq_joseph,
          uniq_maurice
D:9:      nicolae_cairo_tiling_very_big, layout_irregular_city, uniq_pikel
Temple:   nicolae_temple_figure_eight

Skill      XL: |  1  2  3  4  5  6  7  8  9 |
---------------+----------------------------+-----
Spellcasting   | 3 4 5 7 8 9 |  9.8
Earth Magic    | 4 5 6 7 9 10 | 10.0
Conjurations   | 1 6 |  6.0
Invocations    | 3 |  3.1
Dodging        | |  2.4
Stealth        | |  1.4
Transmutations | |  1.2

Action                   |  1- 3 |  4- 6 |  7- 9 | 10-12 || total
-------------------------+-------+-------+-------+-------++-------
Melee: Unarmed           |     1 |       |       |       ||     1
 Cast: Sandblast         |    22 |    13 |    86 |     7 ||   128
       Passwall          |     1 |     2 |    19 |       ||    22
       Stone Arrow       |       |       |    44 |       ||    44
       Summon Guardian G |       |       |       |     1 ||     1
  Use: Scroll            |       |       |     9 |       ||     9
Armor: Leather armour    |     6 |     7 |    20 |     3 ||    36
Dodge: Dodged            |     7 |     7 |    29 |     2 ||    45
